 Dungeon Crawl Stone Soup version 0.30.1-4-g462c640d31 (webtiles) character file.

Game seed: 13220571870673102894

4850 runtimethecat the Cleaver (level 10, 90/90 HPs)
             Began as a Minotaur Berserker on Aug 26, 2023.
             Was a Priest of Trog.
             Quit the game on level 8 of the Dungeon.
             The game lasted 00:35:01 (8967 turns).

runtimethecat the Cleaver (Minotaur Berserker)      Turns: 8967, Time: 00:35:02

Health: 90/90      AC: 13    Str: 26    XL:     10   Next: 25%
Magic:  9/9        EV: 14    Int:  4    God:    Trog [***...]
Gold:   537        SH:  0    Dex: 16    Spells: 9/9 levels left

rFire   . . .        v - +2 broad axe (venom)
rCold   . . .        (no shield)
rNeg    . . .        l - +0 ring mail "Ydigh" {rPois SInv}
rPois   +            (helmet restricted)
rElec   .            P - +1 cloak {Will+}
rCorr   .            (no gloves)
SInv    +            (no boots)
Will    +....        (no amulet)
Stlth   +            x - +4 ring of protection
HPRegen 0.35/turn    F - +6 ring of dexterity
MPRegen 0.11/turn

%: no passive effects
@: no status effects
A: horns 2, retaliatory headbutt
a: Renounce Religion, Berserk, Trog's Hand


You were on level 8 of the Dungeon.
You worshipped Trog.
Trog was most pleased with you.
You visited 1 branch of the dungeon, and saw 8 of its levels.

You collected 537 gold pieces.

Inventory:

Hand Weapons
 b - the +4 short sword of Bopnavix {heavy, SInv}
   (You found it on level 5 of the Dungeon)

   SInv:      It lets you see invisible.
 d - a +1 dagger of venom
 j - a +0 scythe
 q - a +0 sling
 v - a +2 broad axe of venom (weapon)
 C - a +0 dagger
Missiles
 a - 8 boomerangs
 o - 3 boomerangs of dispersal (quivered)
 B - a throwing net
 D - 18 poisoned darts
Armour
 g - a +0 plate armour
 l - the +0 ring mail "Ydigh" (worn) {rPois SInv}
   (You found it on level 2 of the Dungeon)

   rPois:     It protects you from poison.
   SInv:      It lets you see invisible.
 J - a +0 helmet
 M - a +0 cloak
 P - a +1 cloak of willpower (worn)
Jewellery
 c - a ring of see invisible
 u - a ring of positive energy
 x - a +4 ring of protection (left hand)
 z - a ring of fire
 F - a +6 ring of dexterity (right hand)
 G - a +6 ring of dexterity
Wands
 k - a wand of mindburst (13)
 H - a wand of flame (20)
 N - a wand of quicksilver (3)
 Q - a wand of charming (14)
Scrolls
 e - 4 scrolls of enchant weapon {unknown}
 h - 3 scrolls of fog {unknown}
 i - 2 scrolls of enchant armour {unknown}
 m - a scroll of fear {unknown}
 n - a scroll of summoning {unknown}
 r - 2 scrolls of poison {unknown}
 s - 4 scrolls of identify {unknown}
 y - 4 scrolls of teleportation {unknown}
 A - 3 scrolls of torment {unknown}
 I - a scroll of vulnerability {unknown}
 L - 2 scrolls of blinking {unknown}
Potions
 f - 3 potions of brilliance {unknown}
 p - 2 potions of lignification {unknown}
 t - 2 potions of haste {unknown}
 w - 4 potions of attraction {unknown}
 E - a potion of berserk rage {unknown}
 K - a potion of heal wounds {unknown}
 O - 3 potions of curing


   Skills:
 + Level 8.5 Fighting
 + Level 1.3(3.5) Short Blades
 + Level 5.6(5.7) Long Blades
 + Level 11.4(11.6) Axes
 + Level 2.6(7.8) Polearms
 + Level 8.3 Armour
 + Level 5.6 Dodging
 + Level 1.9 Stealth


You had 9 spell levels left.
You didn't know any spells.
Your spell library contained the following spells:

 Spells                   Type           Power      Damage    Failure   Level
 Beastly Appendage        Tmut           0%         N/A       63%         1
 Wereblood                Tmut           0%         N/A       77%         2
 Spider Form              Tmut/Pois      0%         N/A       94%         3
 Tukima's Dance           Hex            0%         N/A       94%         3
 Passage of Golubria      Tloc           0%         N/A       100%        4
 Yara's Violent Unravell  Hex/Tmut       0%         3d3       100%        5


Dungeon Overview and Level Annotations

Branches:
Dungeon (8/15)             Temple (0/1) D:7
   Lair: D:8-11

Altars:
Cheibriados
Dithmenos
Elyvilon
Gozag
Hepliaklqana
Nemelex Xobeh
Sif Muna
Trog
Vehumet
Xom
Yredelemnul


Innate Abilities, Weirdness & Mutations

You have a pair of horns on your head.
You reflexively headbutt those who attack you in melee.


Message History

You now have 537 gold pieces (gained 19).
Number of times to repeat, then command key: You must enter the number of times for the command to repeat.
You start resting.
You feel the effects of Trog's Hand fading.
Your skin stops crawling.
You feel less strong-willed.
HP restored.
There is an open translucent gate here.
You open the door.
There is an open door here.
There is an open door here.
There is an open door here.
Found a scale mail.
You see here a +0 scale mail.
Found a stone staircase leading down.
A centaur comes into view.
A centaur is nearby!
Found a stone staircase leading down.
The helpless centaur fails to defend itself.
You slash the centaur!
The centaur is poisoned.
Your headbutt misses the centaur.
The centaur is severely wounded.
The centaur hits you.
The centaur kicks you but does no damage.
You closely miss the centaur. Your headbutt misses the centaur.
The centaur is severely wounded.
The centaur hits you. The centaur kicks you. The centaur closely misses you.
The centaur kicks you but does no damage.
You slice the centaur!!
You kill the centaur!
Trog accepts your kill.
You see here a +0 shortbow.
Found a helmet.
You see here a +0 helmet.
e - 4 scrolls labelled XYCLUU KYMOT (gained 1)
You see here a +0 helmet.
Done exploring.
Done exploring.
Done exploring.
Are you sure you want to abandon this character and quit the game? (Confirm with "yes".)

.#..##..###.# #.#.#
....##..# #.# #.#.#
.#.###..###.## #.#.####
.#...........# #.#....#
...###.......###.##...##
..## ##.##.......#.._..#
..# #.########.#.....#
..#####.########.#######
................@#
.....#############
#.#### #.# ..# ###


There were no monsters in sight!

Vanquished Creatures
  Erica (D:8)
  A two-headed ogre (D:8)
  The ghost of waddelsworth the Destroyer, a novice DrCj of Vehumet (D:8)
  Prince Ribbit (D:6)
  The ghost of Onni the Cudgeller, an amateur TrBe of Trog (D:5)
  Sigmund (D:2)
  A steam dragon (D:8)
  A water moccasin (D:5)
  3 orc warriors
  A black bear (D:5)
  An ice beast (D:5)
  2 ogres (D:4)
  A centaur (D:8)
  A kobold brigand (D:6)
  A bullfrog (D:7)
  3 scorpions
  3 wights (D:6)
  A centaur zombie (D:8)
  3 quasits (D:5)
  4 orc priests
  2 jellies
  2 sleepcaps
  7 hounds
  Terence (D:2)
  6 orc wizards
  A killer bee zombie (D:8)
  4 adders
  3 shadow imps
  2 white imps (D:6)
  An ufetubus (D:4)
  A worm (D:3)
  A dart slug (D:4)
  23 orcs
  5 ball pythons
  2 bats
  3 endoplasms
  3 giant cockroaches
  7 goblins
  7 hobgoblins
  5 quokkas
  5 frilled lizards
  10 kobolds
  5 rats
138 creatures vanquished.

Vanquished Creatures (others)
  Maurice (D:8)
1 creature vanquished.

Grand Total: 139 creatures vanquished

Notes
Turn   | Place    | Note
-------+----------+-------------------------------------------
     0 | D:1      | runtimethecat the Minotaur Berserker began the quest for
                  | the Orb.
     0 | D:1      | Reached XP level 1. HP: 19/19 MP: 0/0
   138 | D:1      | Reached XP level 2. HP: 24/27 MP: 1/1
   923 | D:2      | Noticed Sigmund
   932 | D:2      | Killed Sigmund
   933 | D:2      | Reached skill level 5 in Fighting
   933 | D:2      | Reached skill level 5 in Long Blades
   933 | D:2      | Reached XP level 3. HP: 36/36 MP: 2/2
   933 | D:2      | Reached XP level 4. HP: 42/42 MP: 3/3
   933 | D:2      | Reached XP level 5. HP: 48/48 MP: 4/4
   952 | D:2      | Identified the +0 ring mail "Ydigh" {rPois SInv}
   977 | D:2      | Noticed Terence
   983 | D:2      | Killed Terence
   984 | D:2      | Reached skill level 1 in Polearms
  3124 | D:3      | Reached XP level 6. HP: 43/56 MP: 5/5
  3180 | D:3      | Reached ** piety under Trog
  3308 | D:3      | Found a snail-covered altar of Cheibriados.
  3447 | D:4      | Reached skill level 1 in Axes
  3595 | D:4      | Reached skill level 2 in Axes
  3807 | D:4      | Found a hazy altar of Hepliaklqana.
  3816 | D:4      | Found a sparkling altar of Nemelex Xobeh.
  3909 | D:4      | Found a shadowy altar of Dithmenos.
  4432 | D:4      | Reached skill level 3 in Axes
  4432 | D:4      | Reached XP level 7. HP: 54/61 MP: 6/6
  4556 | D:4      | Found a shimmering blue altar of Sif Muna.
  4909 | D:5      | Entered Level 5 of the Dungeon
  5048 | D:5      | Found a white marble altar of Elyvilon.
  5139 | D:5      | Reached skill level 4 in Axes
  5142 | D:5      | Found a bloodstained altar of Trog.
  5179 | D:5      | Found an opulent altar of Gozag.
  5206 | D:5      | Reached skill level 5 in Armour
  5313 | D:5      | Identified the +4 short sword of Bopnavix {heavy, SInv}
  5347 | D:5      | Noticed Onni's ghost (amateur TrBe)
  5356 | D:5      | Found a transporter.
  5379 | D:5      | Killed Onni's ghost
  5380 | D:5      | Reached skill level 5 in Axes
  5380 | D:5      | Reached XP level 8. HP: 39/70 MP: 7/7
  5381 | D:5      | Found a transporter.
  5463 | D:5      | Reached *** piety under Trog
  5464 | D:5      | Reached skill level 6 in Axes
  5777 | D:5      | Reached skill level 7 in Axes
  6130 | D:5      | Found a radiant altar of Vehumet.
  7074 | D:6      | Reached skill level 1 in Stealth
  7394 | D:6      | Reached skill level 8 in Axes
  7473 | D:6      | Noticed Prince Ribbit
  7479 | D:6      | Killed Prince Ribbit
  7480 | D:6      | Reached XP level 9. HP: 53/79 MP: 8/8
  7713 | D:7      | Reached skill level 1 in Short Blades
  7790 | D:7      | Found a staircase to the Ecumenical Temple.
  7930 | D:8      | Noticed Maurice
  7942 | D:8      | Killed Maurice
  7943 | D:8      | Reached skill level 9 in Axes
  7951 | D:8      | Noticed a two-headed ogre
  7955 | D:8      | Noticed Erica
  7959 | D:8      | Killed a two-headed ogre
  7960 | D:8      | Reached skill level 10 in Axes
  7960 | D:8      | Reached skill level 5 in Dodging
  7964 | D:8      | Killed Erica
  7965 | D:8      | Reached XP level 10. HP: 43/88 MP: 9/9
  8313 | D:8      | Reached skill level 11 in Axes
  8540 | D:8      | Found a shimmering altar of Xom.
  8648 | D:8      | Found a runed translucent gate.
  8648 | D:8      | Found a runed translucent gate.
  8648 | D:8      | Found a runed translucent gate.
  8648 | D:8      | Noticed waddelsworth's ghost (novice DrCj)
  8651 | D:8      | Found a basalt altar of Yredelemnul.
  8689 | D:8      | Killed waddelsworth's ghost
  8967 | D:8      | Quit the game

Illustrated notes

Levels and vault maps discovered:
D:1:      matt_arrival_grand_opening, layout_rooms, dk_noncrumbling_2
D:2:      layout_basic, uniq_terence, uniq_sigmund
D:3:      layout_basic, cheibrodos_worm_habitat, minmay_checkerbox
D:4:      layout_basic, lemuel_round_altar, kennysheep_orc_sif_temple,
          amethyst_overflow_temple_binary
D:5:      minmay_angry_zag, layout_layer_cave, nicolae_elyvilon_peaceful_grove,
          mainiacjoe_overflow_brackets, nicolae_gozag_seed_capital,
          mainiacjoe_overflow_small_starburst, gammafunk_ghost_stat_death,
          corner_web_ring, grunt_decor_mini_mirrors, minmay_misc_feat_hallway,
          minmay_misc_feat_nine_boxes
D:6:      layout_loops_corners, uniq_prince_ribbit1
D:7:      layout_layer_cave, minmay_temple_entry_enclosed_plants
D:8:      layout_loops_ring, nicolae_yredelemnul_ghost_church,
          mainiacjoe_overflow_alcove_1, uniq_maurice, uniq_erica

Skill      XL: |  1  2  3  4  5  6  7  8  9 10 |
---------------+-------------------------------+-----
Long Blades    | 4 5 |  5.6
Fighting       | 5 6 7 8 |  8.5
Armour         | 3 4 5 6 8 |  8.3
Polearms       | 2 |  2.6
Dodging        | 3 4 5 |  5.6
Axes           | 3 5 8 10 11 | 11.4
Stealth        | 1 |  1.9
Short Blades   | 1 |  1.3

Action                     |  1- 3 |  4- 6 |  7- 9 | 10-12 || total
---------------------------+-------+-------+-------+-------++-------
  Melee: Falchion          |    44 |       |       |       ||    44
         Headbutt          |     8 |    14 |    38 |     5 ||    65
         Halberd           |       |    46 |       |       ||    46
         Broad axe         |       |    51 |   146 |    39 ||   236
         Punch             |       |     1 |     2 |       ||     3
         Short sword       |       |       |    29 |       ||    29
 Invoke: Berserk           |     1 |       |     1 |       ||     2
         Trog's Hand       |       |       |       |     1 ||     1
    Use: Potion            |       |     2 |       |       ||     2
   Stab: Sleeping          |       |       |       |     1 ||     1
 Armour: Plate armour      |     9 |       |       |       ||     9
         Animal skin       |     4 |       |       |       ||     4
         Ring mail         |       |    41 |    82 |    19 ||   142
  Dodge: Dodged            |    20 |    51 |    97 |    14 ||   182
